 Dungeon Crawl Stone Soup version 0.28.0-43-g3370ac3207 (webtiles) character file.

Game seed: 75613409897208911

3192 Atelerd the Thaumaturge (level 9, -5/52 HPs)
             Began as an Octopode Earth Elementalist on Mar 17, 2022.
             Slain by a killer bee (7 damage)
             ... on level 7 of the Dungeon.
             The game lasted 00:17:56 (10408 turns).

Atelerd the Thaumaturge (OpEE)                     Turns: 10408, Time: 00:17:56

Health: -5/52      AC:  2    Str:  7    XL:     9   Next: 96%
Magic:  21/31      EV: 14    Int: 22    God:
Gold:   133        SH:  0    Dex: 18    Spells: 11/27 levels left

rFire   . . .      SeeInvis .   d - +2 dagger (venom)
rCold   . . .      Faith    .   (no shield)
rNeg    . . .      Spirit   .   (helmet restricted)
rPois   .          Reflect  .   (no amulet)
rElec   .          Harm     .   s - +6 ring of dexterity
rCorr   .          Rampage  .   A - ring of magical power
Will    .....                   (no ring)
Stlth   ++++......              (no ring)
HPRegen 0.17/turn               (no ring)
MPRegen 0.22/turn               (no ring)
                                (no ring)
                                (no ring)

@: lethally poisoned (-5 -> -23), about to teleport
A: almost no armour, amphibious, 8 rings, camouflage 1, gelatinous body 1,
(nimble swimmer 1), tentacles, mutation resistance 1, shaggy fur 1
a: no special abilities


You were on level 7 of the Dungeon.
You visited 2 branches of the dungeon, and saw 8 of its levels.
You also visited: Sewer.

You collected 464 gold pieces.
You spent 331 gold pieces at shops.

Inventory:

Hand Weapons
 a - a +0 short sword
 d - a +2 dagger of venom (weapon)
 l - a +1 dagger of draining
Missiles
 b - 94 stones
Jewellery
 s - a +6 ring of dexterity (left tentacle)
 A - a ring of magical power (right tentacle)
Wands
 o - a wand of polymorph (24)
 w - a wand of paralysis (3)
 z - a wand of mindburst (15)
 B - a wand of flame (8)
Scrolls
 g - a scroll of fear {unknown}
 h - a scroll of brand weapon
 k - 2 scrolls of teleportation
 n - 2 scrolls of blinking {unknown}
 p - a scroll of torment
 q - a scroll of enchant weapon {unknown}
 t - a scroll of fog
 u - a scroll of magic mapping {unknown}
 x - a scroll of immolation {unknown}
 y - a scroll of enchant armour {unknown}
 C - a scroll of identify
Potions
 c - 2 potions of brilliance {unknown}
 e - a potion of heal wounds
 f - a potion of magic {unknown}
 i - 2 potions of degeneration {unknown}
 j - 4 potions of curing
 m - a potion of berserk rage {unknown}
 r - a potion of attraction {unknown}
 v - a potion of invisibility {unknown}


   Skills:
 - Level 0.6 Fighting
 + Level 2.4 Short Blades
 + Level 3.3 Dodging
 + Level 5.4 Stealth
 + Level 9.9 Spellcasting
 - Level 2.0 Hexes
 * Level 1.8 Necromancy
 - Level 4.0 Transmutations
 * Level 5.4 Earth Magic


You had 11 spell levels left.
You knew the following spells:

 Your Spells              Type           Power      Damage    Failure   Level
a - Sandblast             Erth           68%        2d15      1%          1
b - Passwall              Tmut/Erth      25%        N/A       1%          2
c - Borgnjor's Vile Clut  Necr/Erth      13%        N/A       36%         5
l - Leda's Liquefaction   Hex/Erth       13%        N/A       13%         4
p - Petrify               Tmut/Erth      31%        N/A       9%          4

Your spell library contained the following spells:

 Spells                   Type           Power      Damage    Failure   Level
 Animate Skeleton         Necr           38%        N/A       2%          1
 Pain                     Necr           76%        1d7       2%          1
 Stone Arrow              Conj/Erth      44%        3d9       6%          3
 Vampiric Draining        Necr           19%        2d7       9%          3
 Portal Projectile        Hex/Tloc       30%        N/A       12%         3
 Call Canine Familiar     Summ           10%        N/A       19%         3
 Frozen Ramparts          Ice            20%        1d4       19%         3
 Ice Form                 Ice/Tmut       19%        N/A       26%         4
 Summon Ice Beast         Ice/Summ       10%        N/A       52%         4
 Alistair's Intoxication  Tmut/Pois      12%        N/A       58%         5
 Eringya's Noxious Bog    Tmut/Pois      9%         N/A       99%         6


Dungeon Overview and Level Annotations

Branches:
Dungeon (7/15)             Temple (1/1) D:5           Sewer (visited)

Altars:
Ashenzari
Cheibriados
Dithmenos
Elyvilon
Fedhas
Hepliaklqana
Kikubaaqudgha
Makhleb
Okawaru
Qazlal
Ru
Sif Muna
Trog
Wu Jian
Xom
Zin
The Shining One

Shops:
D:2 =   D:4 *

Annotations:
D:3 1 runed translucent door, Crazy Yiuf


Innate Abilities, Weirdness & Mutations

You cannot wear most types of armour.
You are amphibious.
You can wear up to eight rings at the same time.
Your skin changes colour to match your surroundings (Stealth+).
Your rubbery body absorbs attacks. (AC +1, EV +1)
((You are camouflaged when in or above water. (Stealth+)))
You have tentacles for arms and can constrict up to eight enemies at once.
You are somewhat resistant to further mutation.
You are covered in fur. (AC +1)


Message History

The killer bee poisons you! The killer bee closely misses you.
The killer bee stings you but does no damage.
Unknown command.
Casting: Sandblast (safe; 1% risk of failure)
Confirm with . or Enter, or press ? or * to list all spells.
Aiming: Sandblast (safe; 1% risk of failure)
Press: ? - help, Shift-Dir - straight line, f - killer bee
Aim: a killer bee (water, 63% to hit)
The blast of sand misses the killer bee.
You feel very sick. The killer bee closely misses you.
The killer bee stings you.
* * * LOW HITPOINT WARNING * * *
The killer bee stings you.
* * * LOW HITPOINT WARNING * * *
The killer bee closely misses you.
Unknown command.
You feel much better.
You feel sick. The killer bee stings you. x2
The killer bee stings you! The killer bee stings you.
* * * LOW HITPOINT WARNING * * *
You feel much better.
You feel sick. The killer bee barely misses you. The killer bee stings you!
You are more poisoned.
The killer bee poisons you! The killer bee closely misses you.
The killer bee misses you.
As you read the scroll of teleportation, it crumbles to dust.
You feel strangely unstable.
You feel very sick. The killer bee stings you. The killer bee misses you.
The killer bee barely misses you. The killer bee completely misses you.
Unknown command.
You feel better. The killer bee stings you!
* * * LOW HITPOINT WARNING * * *
You are poisoned.
The killer bee poisons you! The killer bee stings you!
* * * LOW HITPOINT WARNING * * *
You are more poisoned.
The killer bee poisons you! The killer bee stings you.
* * * LOW HITPOINT WARNING * * *
The killer bee stings you!
You die...

...........
...............#........
.............?..........
###...#####..≈≈≈≈≈≈≈."..
##.#..........≈≈≈≈≈≈..#
#.###.####..8...._≈≈...
###.#.### #.†.≈≈≈≈≈≈...
#.......# #.≈≈yZ≈≈≈..#
#.#...#.####...†@.....#
#.#...#.....#.#y##..###
..>..##.....#.#.##.....
..#####........[........
............#..##..#####
............#..##..#
.#.####.###.#......#
.#.####.# #.##.##.##
.....##.# #.##.##.#


You could see 2 killer bees and a water moccasin zombie (petrified).

Vanquished Creatures
  Grinder (D:6)
  Sigmund (D:6)
  Eustachio (D:4)
  A steam dragon (D:5)
  A water moccasin (D:6)
  A hornet zombie (D:5)
  2 orc warriors
  2 ice beasts
  5 black bears (D:6)
  2 sky beasts
  A necrophage (D:6)
  An ogre (D:5)
  2 phantoms
  2 bullfrogs (Sewer)
  2 scorpions
  A water moccasin zombie (D:5)
  2 killer bees (D:7)
  2 howler monkeys
  A bullfrog zombie (D:6)
  A hound (D:6)
  2 bullfrog skeletons
  2 orc priests (D:4)
  Ijyb (D:5)
  4 iguanas
  2 orc wizards (D:4)
  2 howler monkey zombies
  3 gnolls (D:3)
  10 adders
  An ufetubus (D:3)
  2 worms (D:7)
  11 orcs
  16 ball pythons
  7 bats
  5 endoplasms
  11 giant cockroaches
  3 goblins
  8 hobgoblins
  3 jackals (D:4)
  6 quokkas
  7 frilled lizards
  6 kobolds
  5 rats
149 creatures vanquished.

Notes
Turn   | Place    | Note
-------+----------+-------------------------------------------
     0 | D:1      | Atelerd the Octopode Earth Elementalist began the quest for
                  | the Orb.
     0 | D:1      | Reached XP level 1. HP: 11/11 MP: 3/3
     1 | D:1      | You fall into a shaft and drop 1 floor!
    74 | D:2      | Found a faded altar of an unknown god.
    76 | D:2      | Found a stormy altar of Qazlal.
   872 | D:2      | Reached XP level 2. HP: 17/17 MP: 5/5
   994 | D:2      | Found Sollasaa's Jewellery Boutique.
  2002 | D:1      | Reached XP level 3. HP: 20/21 MP: 6/6
  2807 | D:3      | Found a runed translucent door.
  2808 | D:3      | Noticed Crazy Yiuf
  2846 | D:3      | Reached skill level 1 in Short Blades
  2846 | D:3      | Reached XP level 4. HP: 26/27 MP: 6/8
  3147 | D:4      | Noticed a phantom
  3624 | D:3      | Learned a level 4 spell: Petrify
  3924 | D:3      | Reached XP level 5. HP: 15/30 MP: 7/9
  4195 | D:3      | Killed a phantom
  4196 | D:3      | Reached skill level 3 in Spellcasting
  4444 | D:4      | Gained mutation: You are frail. (-10% HP) [potion of
                  | mutation]
  4444 | D:4      | Gained mutation: You are partially covered in iridescent
                  | scales. (AC +2) [potion of mutation]
  4459 | D:4      | Reached XP level 6. HP: 20/33 MP: 0/10
  4677 | D:4      | Lost mutation: You are frail. (-10% HP) [potion of
                  | mutation]
  4677 | D:4      | Lost mutation: You are partially covered in iridescent
                  | scales. (AC +2) [potion of mutation]
  4677 | D:4      | Gained mutation: Your mind is acute. (Int +2) [potion of
                  | mutation]
  4677 | D:4      | Gained mutation: You are resistant to electric shocks.
                  | (rElec) [potion of mutation]
  4678 | D:4      | Lost mutation: Your mind is acute. (Int +2) [potion of
                  | mutation]
  4678 | D:4      | Lost mutation: You are resistant to electric shocks.
                  | (rElec) [potion of mutation]
  4678 | D:4      | Gained mutation: You are covered in fur. (AC +1) [potion of
                  | mutation]
  4678 | D:4      | Gained mutation: Your body sometimes deteriorates upon
                  | taking damage. [potion of mutation]
  4678 | D:4      | Gained mutation: You have an increased reservoir of magic.
                  | (+10% MP) [potion of mutation]
  4679 | D:4      | Lost mutation: You have an increased reservoir of magic.
                  | (+10% MP) [potion of mutation]
  4679 | D:4      | Lost mutation: Your body sometimes deteriorates upon taking
                  | damage. [potion of mutation]
  4679 | D:4      | Gained mutation: You are somewhat resistant to further
                  | mutation. [potion of mutation]
  4758 | D:4      | Reached skill level 5 in Stealth
  4914 | D:4      | Found Namusack's General Store.
  4922 | D:4      | Bought a potion of heal wounds for 65 gold pieces
  4922 | D:4      | Bought a scroll of identify for 26 gold pieces
  4927 | D:4      | Learned a level 4 spell: Leda's Liquefaction
  4941 | D:4      | Found a broken altar of Ashenzari.
  5114 | D:4      | Found a snail-covered altar of Cheibriados.
  5207 | D:4      | Reached skill level 5 in Earth Magic
  5376 | D:4      | Noticed Eustachio
  5396 | D:4      | Reached skill level 4 in Spellcasting
  5396 | D:4      | Killed Eustachio
  5397 | D:4      | Reached XP level 7. HP: 16/42 MP: 0/13
  5690 | D:5      | Entered Level 5 of the Dungeon
  5690 | D:5      | Noticed Ijyb
  5698 | D:5      | Killed Ijyb
  5851 | D:5      | Reached skill level 5 in Spellcasting
  5899 | D:5      | Found an ornate altar of the Wu Jian Council.
  5994 | D:5      | Learned a level 2 spell: Passwall
  6064 | D:5      | Found a staircase to the Ecumenical Temple.
  6159 | D:5      | Reached skill level 1 in Hexes
  6159 | D:5      | Reached XP level 8. HP: 47/47 MP: 11/15
  6667 | Temple   | Entered the Ecumenical Temple
  7274 | D:6      | Reached skill level 6 in Spellcasting
  7458 | D:6      | Found a glowing drain.
  7495 | Sewer    | Entered a sewer
  7566 | Sewer    | Reached skill level 7 in Spellcasting
  8069 | D:6      | Reached XP level 9. HP: 52/52 MP: 8/20
  8167 | D:6      | Noticed Sigmund
  8357 | D:6      | Killed Sigmund
  8358 | D:6      | Reached skill level 8 in Spellcasting
  9005 | D:6      | Reached skill level 9 in Spellcasting
  9068 | D:6      | Found an iron altar of Okawaru.
  9122 | D:6      | Noticed Grinder
  9134 | D:6      | Killed Grinder
  9207 | D:6      | Found a white marble altar of Elyvilon.
  9367 | D:6      | Learned a level 5 spell: Borgnjor's Vile Clutch
  9419 | D:6      | Found a sacrificial altar of Ru.
  9431 | D:6      | Reached skill level 1 in Necromancy
  9605 | D:7      | Found a hazy altar of Hepliaklqana.
  9823 | D:2      | Bought a ring of magical power for 240 gold pieces
  9939 | D:7      | Noticed a moth of wrath
  9942 | D:7      | Found a bloodstained altar of Trog.
 10388 | D:7      | Found a shimmering blue altar of Sif Muna.
 10408 | D:7      | HP: 2/52 [killer bee (5)]
 10408 | D:7      | Slain by a killer bee

Illustrated notes

Levels and vault maps discovered:
D:1:      minmay_arrival_split_and_join, layout_basic, minmay_misc_feat_tower
D:2:      layout_basic, serial_shops, shop, basic_altar,
          ebering_ecumenical_altar_petrified
D:3:      layout_loops_corners, uniq_crazy_yiuf_cottage
D:4:      layout_cave_pools, kennysheep_mini_moat, mainiacjoe_overflow_alcove_2,
          serial_shops, shop, uniq_eustachio
D:5:      nicolae_cairo_tiling, layout_rooms, lemuel_doored_altar,
          temple_statues, due_unseen_surprise, uniq_ijyb
D:6:      layout_gridville, okawaru_trees_2, portal_sewer_entry_b,
          hangedman_feature_mirror, hangedman_abyss_or_decor_passed,
          hangedman_decor_riveting, uniq_grinder, uniq_sigmund
D:7:      layout_loops_cross, overflow_temple_1_default,
          mainiacjoe_overflow_catwalk, tgw_trog, lemuel_round_altar
Temple:   jpeg_temple_island

Skill      XL: |  1  2  3  4  5  6  7  8  9 |
---------------+----------------------------+-----
Short Blades   | 1 2 |  2.4
Earth Magic    | 4 5 |  5.4
Stealth        | 3 4 5 |  5.4
Spellcasting   | 3 4 5 7 9 |  9.9
Transmutations | 2 3 4 |  4.0
Hexes          | 1 2 |  2.0
Dodging        | 3 |  3.3
Necromancy     | 1 |  1.8
Fighting       | |  0.6

Action                   |  1- 3 |  4- 6 |  7- 9 || total
-------------------------+-------+-------+-------++-------
Melee: Short sword       |    42 |    13 |       ||    55
       Constrict         |    13 |    10 |    34 ||    57
       Tentacles         |     4 |    11 |    32 ||    47
       Unarmed           |     1 |       |       ||     1
       Dagger            |       |    22 |   128 ||   150
       Punch             |       |     1 |     3 ||     4
 Cast: Sandblast         |    30 |    51 |    60 ||   141
       Petrify           |       |     1 |    46 ||    47
       Passwall          |       |       |     2 ||     2
       Leda's Liquefacti |       |       |     1 ||     1
       Borgnjor's Vile C |       |       |     1 ||     1
Evoke: Wand              |       |       |     3 ||     3
  Use: Potion            |       |     7 |     4 ||    11
       Scroll            |       |       |     6 ||     6
 Stab: Sleeping          |     6 |     4 |    13 ||    23
       Petrified         |       |     5 |    53 ||    58
       Petrifying        |       |       |     3 ||     3
Armor: Skin              |     3 |    11 |    12 ||    26
Dodge: Dodged            |    42 |    36 |    74 ||   152
